Map: 글리터링 애쉬즈 - 래더

Players

Solar - Winner!

  • Race: Zerg Zerg
  • League: Master

Bunny

  • Race: Terran Terran

Event: DreamHack SC2 Masters Last Chance 2022

VOD

Have the link to the VOD?

Description

Time

  • Played on: Dec. 15, 2021, 6:51 a.m.
  • Length: 14:07

All games in this series

Show
View Real Time Build Order
Export as new Build Order

Solar Zerg - Winner!

Build Orders: Hatch First, Lurkers 

Get SALT Encoding   

  12  0:00  Drone  
  13  0:11  Overlord  
  13  0:16  Drone  
  14  0:30  Drone x2  
  16  0:47  Hatchery  
  15  0:51  Drone  
  15  0:54  Drone  
  17  0:57  Drone  
  18  1:08  Extractor  
  17  1:13  Spawning Pool  
  17  1:16  Drone  
  17  1:20  Drone  
  18  1:27  Drone  
  19  1:38  Drone  
  20  1:49  Drone  
  21  1:59  Queen x2  
  21  2:00  Zergling x4  
  27  2:11  Zergling x2, Overlord  
  28  2:22  Hatchery  
  27  2:24  Drone  
  28  2:30  Drone  
  28  2:32  Drone x2  
  31  2:40  Queen  
  33  2:45  Metabolic Boost  
  33  2:50  Overlord  
  33  2:52  Drone  
  33  2:56  Drone  
  33  2:58  Drone  
  36  3:09  Drone x5  
  41  3:16  Queen  
  41  3:18  Overlord  
  43  3:21  Drone  
  44  3:33  Queen  
  46  3:35  Queen  
  46  3:36  Drone  
  46  3:37  Drone  
  52  3:41  Drone x3  
  52  3:44  Overlord  
  52  3:48  Drone  
  54  3:52  Drone, Overlord  
  54  3:55  Drone x2  
  57  3:56  Drone  
  58  4:03  Overlord  
  58  4:07  Zergling x4  
  58  4:09  Queen  
  60  4:12  Overlord  
  60  4:14  Queen  
  60  4:16  Drone x2  
  66  4:20  Spore Crawler  
  66  4:21  Overlord  
  65  4:25  Drone x2  
  65  4:26  Drone x2  
  65  4:30  Zergling x6  
  71  4:39  Evolution Chamber  
  71  4:43  Spore Crawler  
  69  4:47  Drone x7  
  69  4:48  Drone  
  69  4:50  Drone  
  77  4:55  Drone x3  
  77  4:59  Drone, Evolution Chamber, Extractor  
  79  5:01  Drone  
  79  5:06  Overlord  
  79  5:07  Drone x2, Spore Crawler  
  80  5:10  Zergling x4  
  83  5:15  Zergling x2  
  83  5:16  Zergling x4  
  80  5:24  Zergling x6  
  80  5:26  Queen  
  80  5:27  Zergling x6  
  88  5:31  Zerg Melee Weapons Level 1  
  88  5:32  Lair, Extractor  
  88  5:33  Drone x3  
  88  5:35  Drone x2  
  90  5:39  Drone x4  
  94  5:45  Drone  
  94  5:46  Baneling Nest  
  94  5:49  Extractor  
  93  5:51  Zergling x4  
  93  5:56  Overlord  
  95  5:57  Overlord  
  95  5:58  Hatchery  
  95  5:59  Zergling x2  
  95  6:07  Drone  
  95  6:09  Overlord  
  95  6:10  Zergling x4  
  98  6:13  Overlord  
  98  6:15  Zergling x8  
  98  6:17  Pneumatized Carapace  
  102  6:21  Zergling x8  
  106  6:27  Zergling x2  
  106  6:30  Extractor  
  106  6:33  Baneling x6  
  106  6:34  Baneling x4, Centrifugal Hooks  
  106  6:36  Overseer x2  
  106  6:37  Drone x3  
  108  6:41  Zergling x12  
  108  6:46  Zergling x4  
  116  6:50  Zerg Ground Armor Level 1  
  116  6:51  Overlord  
  116  6:52  Drone x2  
  118  6:55  Drone x3  
  121  7:06  Zergling x2  
  121  7:07  Zergling x4  
  116  7:10  Zergling x4  
  116  7:11  Zergling x4  
  116  7:14  Zergling x6  
  113  7:16  Drone x2  
  113  7:18  Drone  
  106  7:24  Drone x3  
  106  7:25  Drone  
  106  7:29  Drone x2  
  94  7:32  Hydralisk Den  
  94  7:34  Drone x2  
  94  7:36  Drone  
  96  7:40  Drone  
  96  7:43  Drone x2  
  95  7:48  Drone  
  95  7:49  Zerg Melee Weapons Level 2  
  95  7:50  Drone  
  97  7:55  Zergling x4, Spore Crawler  
  98  8:00  Zergling x6, Queen  
  98  8:05  Hydralisk x4  
  105  8:06  Grooved Spines  
  105  8:11  Overseer  
  111  8:13  Overlord  
  111  8:14  Zergling x4  
  111  8:16  Drone  
  114  8:28  Zergling x2  
  114  8:29  Zergling x6  
  114  8:31  Zergling x16  
  114  8:33  Baneling  
  114  8:34  Baneling x4  
  124  8:38  Drone  
  124  8:39  Drone  
  124  8:40  Drone  
  125  8:43  Drone  
  125  8:46  Drone x3  
  125  8:47  Lurker Den  
  125  8:48  Drone  
  129  8:50  Drone, Infestation Pit  
  129  8:52  Hydralisk x7  
  129  8:55  Drone  
  144  8:58  Zerg Ground Armor Level 2  
  144  8:59  Drone x2  
  144  9:02  Drone  
  144  9:03  Drone  
  144  9:04  Hatchery  
  144  9:06  Extractor  
  144  9:07  Zergling x2  
  144  9:08  Zergling x4  
  146  9:10  Overlord  
  146  9:15  Baneling x2  
  146  9:16  Baneling x6  
  146  9:17  Overlord  
  146  9:19  Baneling x3  
  146  9:20  Baneling x3  
  146  9:22  Overlord  
  146  9:23  Overlord  
  146  9:26  Overlord  
  146  9:29  Zergling x12  
  146  9:30  Zergling x6  
  150  9:34  Drone x3  
  150  9:35  Drone  
  153  9:40  Hive  
  153  9:41  Zergling x6  
  153  9:46  Baneling x6  
  153  9:47  Baneling x3  
  153  9:49  Zergling x10  
  153  9:52  Extractor  
  157  9:53  Baneling x4, Zergling x2  
  157  9:54  Zergling x18  
  157  9:56  Zergling x2  
  162  10:01  Hydralisk x3  
  159  10:09  Zergling x4  
  153  10:15  Zerg Missile Weapons Level 1, Drone x2  
  153  10:16  Drone x2  
  138  10:21  Zergling x6  
  138  10:22  Zergling x14  
  138  10:24  Hydralisk  
  138  10:26  Drone, Overseer  
  138  10:27  Spore Crawler  
  146  10:28  Baneling x5  
  146  10:29  Baneling x2  
  146  10:30  Hydralisk  
  146  10:33  Drone x2  
  150  10:36  Zergling x4  
  150  10:40  Zergling x2, Baneling  
  150  10:41  Baneling x7  
  153  10:44  Lurker  
  153  10:47  Zergling x4  
  153  10:48  Zergling x10  
  159  10:52  Zergling x4  
  159  10:53  Zergling x10  
  159  10:54  Seismic Spines  
  166  10:57  Overlord  
  166  10:58  Zergling x2  
  166  11:03  Overlord  
  167  11:05  Viper  
  167  11:08  Zergling x12  
  167  11:11  Extractor  
  171  11:13  Hatchery  
  171  11:16  Drone x3  
  171  11:17  Zergling x12  
  177  11:22  Zergling x12  
  168  11:27  Hydralisk x2  
  168  11:29  Overseer  
  168  11:30  Overlord  
  170  11:36  Hydralisk x2  
  174  11:40  Extractor  
  174  11:41  Drone x2  
  174  11:42  Drone  
  174  11:45  Lurker x4  
  180  11:47  Zergling x16  
  180  11:52  Hydralisk x3, Adaptive Talons  
  191  11:57  Lurker  
  191  11:59  Zergling x6  
  195  12:01  Baneling x5  
  195  12:02  Baneling  
  195  12:04  Zergling x10  
  199  12:24  Zergling x12  
  199  12:28  Baneling x2  
  199  12:29  Overseer, Baneling x4  
  200  12:32  Baneling x6  
  200  12:33  Baneling  
  174  12:52  Zergling x4  
  174  12:53  Zergling x54  
  184  12:59  Lurker x2  
  184  13:01  Lurker  
  184  13:02  Baneling  
  184  13:03  Baneling x4  
  184  13:05  Zergling x16  
  186  13:08  Zergling x6  
  188  13:13  Hydralisk x3  
  188  13:15  Zergling x12  
  199  13:22  Zergling x6  
  186  13:27  Zergling x10  
  186  13:29  Hydralisk x2  
  186  13:32  Hydralisk x3  
  186  13:33  Hydralisk x2  
  199  13:38  Zergling x2  
  199  13:40  Baneling x13  
  199  13:48  Zergling x4  
  193  14:01  Hatchery  
Show
View Real Time Build Order
Export as new Build Order

Bunny Terran 

Build Orders: Reaper Expand 

Get SALT Encoding   

  12  0:00  SCV  
  13  0:12  SCV  
  14  0:16  Supply Depot  
  14  0:24  SCV  
  15  0:38  SCV  
  15  0:39  Barracks  
  15  0:42  Refinery  
  16  0:50  SCV  
  17  1:02  SCV  
  18  1:14  SCV  
  19  1:26  Reaper, Orbital Command  
  20  1:38  Command Center  
  20  1:50  Supply Depot  
  20  1:51  SCV  
  21  1:57  Marine  
  22  2:04  SCV  
  22  2:06  Factory  
  23  2:16  SCV  
  23  2:17  Refinery  
  23  2:19  Barracks Reactor  
  24  2:28  SCV  
  25  2:40  SCV  
  26  2:51  Orbital Command  
  26  2:52  Starport, SCV  
  27  3:01  Hellion x2  
  27  3:03  Marine  
  27  3:04  SCV  
  33  3:16  SCV x2  
  35  3:21  Marine  
  35  3:22  Widow Mine x2  
  40  3:31  SCV x2, Medivac  
  44  3:38  Supply Depot  
  44  3:39  Armory, Marine  
  45  3:49  Supply Depot, SCV  
  46  3:59  SCV, Marine  
  46  4:00  Hellion x2  
  46  4:01  SCV  
  46  4:02  Supply Depot  
  53  4:10  Medivac  
  53  4:11  SCV  
  53  4:15  SCV  
  57  4:17  Marine  
  57  4:20  Supply Depot  
  57  4:21  Hellion x2  
  57  4:24  SCV  
  63  4:30  Supply Depot, SCV  
  64  4:36  SCV  
  64  4:38  Barracks Tech Lab  
  65  4:42  Hellion x2  
  69  4:51  SCV x2  
  69  4:57  Command Center  
  69  4:59  Supply Depot  
  65  5:07  Factory  
  65  5:08  Refinery  
  65  5:09  Refinery  
  65  5:10  SCV x2  
  61  5:23  Engineering Bay  
  61  5:26  Engineering Bay  
  55  5:28  Widow Mine  
  55  5:29  Drilling Claws  
  55  5:30  Starport Reactor  
  55  5:31  SCV x2  
  55  5:33  Supply Depot  
  58  5:40  Barracks Tech Lab  
  57  5:44  SCV, Barracks  
  57  5:45  SCV, Barracks  
  61  5:50  Widow Mine  
  61  5:52  Widow Mine x2  
  61  5:57  SCV x2  
  66  6:00  Stimpack, Marine  
  68  6:05  Barracks  
  68  6:06  Medivac  
  68  6:07  Medivac, Barracks  
  72  6:13  Widow Mine x2  
  72  6:14  Widow Mine  
  72  6:15  SCV  
  72  6:16  SCV  
  80  6:22  Marine  
  80  6:23  Terran Infantry Weapons Level 1, Terran Infantry Armor Level 1  
  81  6:30  SCV x2  
  83  6:34  Orbital Command  
  83  6:35  Widow Mine x2  
  83  6:37  Siege Tank  
  90  6:45  Barracks Reactor x2  
  90  6:46  Medivac  
  92  6:47  SCV x2  
  92  6:51  Supply Depot  
  92  6:53  Marine  
  95  6:57  Widow Mine x2  
  96  7:09  Widow Mine  
  96  7:12  Barracks Reactor x2  
  83  7:18  Widow Mine, Marine  
  83  7:19  Widow Mine  
  82  7:27  Marine x3  
  82  7:29  SCV x2  
  82  7:30  SCV  
  82  7:35  Marine  
  80  7:41  Widow Mine  
  80  7:42  Widow Mine x2  
  85  7:44  SCV x3  
  85  7:46  Command Center  
  85  7:47  Medivac  
  85  7:53  Marine  
  85  7:55  Medivac  
  85  7:56  SCV x3  
  91  8:04  Marine x2  
  93  8:08  Supply Depot  
  93  8:09  Supply Depot  
  93  8:11  Supply Depot  
  93  8:13  SCV x3, Marine x3  
  93  8:16  Supply Depot  
  99  8:24  Widow Mine  
  101  8:30  Widow Mine, Siege Tank, Marine x3  
  101  8:31  Marine x5  
  108  8:34  SCV x3  
  108  8:36  Medivac  
  109  8:44  Medivac, Marine  
  109  8:47  Marine x3  
  111  8:48  Marine x2  
  111  8:50  Marauder, Marine  
  111  8:51  Marine  
  117  8:58  SCV x3  
  118  9:02  Marine  
  118  9:05  Medivac, Marine x3  
  118  9:06  Marine x2  
  118  9:08  Marine x2  
  130  9:12  Marine  
  130  9:14  Medivac  
  130  9:15  Supply Depot  
  131  9:18  Supply Depot  
  131  9:20  SCV x3  
  132  9:25  Siege Tank, Marine  
  132  9:26  Marine x4  
  132  9:30  Combat Shield  
  139  9:36  Marauder, Widow Mine x2  
  138  9:50  Marine x8  
  146  9:53  SCV x3  
  146  9:56  Supply Depot  
  146  9:57  Refinery  
  144  10:04  Terran Infantry Weapons Level 2, Terran Infantry Armor Level 2  
  141  10:08  Marauder, Marine  
  141  10:09  Marine x2  
  141  10:12  SCV  
  141  10:13  SCV x2  
  137  10:21  Marine x5  
  116  10:24  Planetary Fortress  
  117  10:31  Siege Tank  
  117  10:32  Widow Mine  
  117  10:34  SCV x2  
  123  10:35  SCV  
  123  10:37  Widow Mine  
  123  10:39  Marine x2  
  123  10:40  Marine  
  128  10:45  Marauder  
  128  10:48  Marine x4  
  128  10:49  SCV  
  135  10:53  Medivac x2  
  135  10:55  SCV  
  140  10:57  Marine  
  140  10:58  Marine x2  
  140  10:59  Concussive Shells  
  143  11:06  Marauder  
  143  11:09  Marine  
  143  11:10  Marine x4  
  150  11:15  Marine  
  130  11:27  Marine  
  130  11:28  Marauder, Marine x5  
  130  11:29  Siege Tank  
  130  11:30  Widow Mine  
  130  11:31  Widow Mine  
  130  11:32  Medivac x2  
  146  11:35  Marine x2  
  146  11:39  SCV x3  
  152  11:40  SCV  
  152  11:41  Refinery  
  152  11:47  Supply Depot x2  
  152  11:51  Marauder, Marine x4  
  152  11:54  Marine x3  
  161  12:04  Marine  
  162  12:08  Marine  
  162  12:09  Marine x3  
  162  12:11  Marine  
  162  12:12  Marine x3  
  170  12:22  Marine  
  170  12:26  Marine  
  170  12:27  Marine x2  
  170  12:28  Siege Tank  
  170  12:29  Widow Mine x2  
  183  12:30  Marauder  
  183  12:31  Supply Depot  
  183  12:32  Supply Depot, Ghost Academy  
  183  12:39  Marine x4  
  183  12:40  Marine  
  188  12:44  Marine  
  188  12:45  Marine  
  163  12:51  Marauder  
  163  12:56  Widow Mine  
  130  13:00  Siege Tank, Marine x2  
  125  13:13  Marine x2  
  125  13:19  Liberator x2  
  112  13:28  Orbital Command  
  112  13:32  Siege Tank  
  102  13:34  Marauder  
  102  13:39  Marine  
  102  13:40  Marine x6  
  111  13:44  Marine  

Tags
 
Add a new tag
Caveats
  • Supply blocks, unpowered buildings, or Contaminate may cause inaccurate times.
  • Supply counts are checked every 10 seconds.